 Dungeon Crawl Stone Soup version 0.28-a0-983-g1de4e0787c (webtiles) character file.

Game seed: 6268163083616284605

43 Glokmah the Caller (level 3, 0/28 HPs)
             Began as a Hill Orc Summoner on Dec 3, 2021.
             Slain by an adder (1 damage)
             ... on level 2 of the Dungeon.
             The game lasted 00:02:42 (1461 turns).

Glokmah the Caller (Hill Orc Summoner)              Turns: 1461, Time: 00:02:43

Health: 0/28       AC:  2    Str: 12    XL:     3   Next: 58%
Magic:  1/6        EV:  9    Int: 15    God:
Gold:   93         SH:  0    Dex: 11    Spells: 3/6 levels left

rFire   . . .      SeeInvis .   d - +0 spear
rCold   . . .      Faith    .   (no shield)
rNeg    . . .      Spirit   .   a - +0 robe
rPois   .          Reflect  .   (no helmet)
rElec   .          Harm     .   (no cloak)
rCorr   .          Rampage  .   (no gloves)
Will    .....                   (no boots)
Stlth   +.........              (no amulet)
HPRegen 0.09/turn               (no ring)
MPRegen 0.10/turn               (no ring)

@: constricted, very slow
A: no striking features
a: no special abilities


You were on level 2 of the Dungeon.
You visited 1 branch of the dungeon, and saw 2 of its levels.

You collected 93 gold pieces.

Inventory:

Hand Weapons
 c - a +0 short sword
 d - a +0 spear (weapon)
Missiles
 b - 39 stones
Armour
 a - a +0 robe (worn)


   Skills:
 + Level 1.6 Fighting
 * Level 0.4 Polearms
 - Level 1.5 Dodging
 - Level 1.5 Stealth
 + Level 2.0 Spellcasting
 * Level 4.6 Summonings


You had 3 spell levels left.
You knew the following spells:

 Your Spells              Type           Power      Damage    Failure   Level
a - Summon Small Mammal   Summ           60%        N/A       3%          1
b - Call Imp              Summ           15%        N/A       4%          2

Your spell library contained the following spells:

 Spells                   Type           Power      Damage    Failure   Level
 Call Canine Familiar     Summ           15%        N/A       10%         3
 Sandblast                Erth           2%         2d4       22%         1
 Summon Guardian Golem    Hex/Summ       8%         N/A       26%         3
 Passwall                 Tmut/Erth      0%         N/A       32%         2
 Stone Arrow              Conj/Erth      2%         3d7       54%         3
 Summon Lightning Spire   Summ/Air       8%         N/A       65%         4


Dungeon Overview and Level Annotations

Branches:
Dungeon (2/15)

Altars:

Shops:
D:1 *   D:2 =(


Message History

The adder bites you.
Your Spellcasting skill increases to level 2!
You barely miss the adder. The adder barely misses you.
The dart slug launches a dart at you. The slug dart misses you.
Your crimson imp hits the adder.
You miss the adder.
The adder is lightly wounded.
The adder bites you.
* * * LOW HITPOINT WARNING * * *
Your crimson imp hits the adder.
The adder barely misses you.
Your unstable footing causes you to fumble your attack.
Your crimson imp blinks!
The adder closely misses you.
You barely miss the adder.
The adder is moderately wounded.
The ball python bites you.
* * * LOW HITPOINT WARNING * * *
The ball python grabs you. The ball python constricts you. The adder bites you.
* * * LOW HITPOINT WARNING * * *
Your crimson imp blinks!
The ball python closely misses you. The ball python constricts you.
You aren't carrying any potions.
Unknown command.
Casting: Call Imp (safe; 4% risk of failure)
Confirm with . or Enter, or press ? or * to list all spells.
The adder bites you.
* * * LOW HITPOINT WARNING * * *
The ball python closely misses you. The ball python constricts you.
The adder barely misses you.
You closely miss the adder.
The adder is moderately wounded.
The ball python bites you.
* * * LOW HITPOINT WARNING * * *
The ball python constricts you. The adder completely misses you.
The dart slug launches a dart at you. The slug dart misses you.
You hit the adder.
The adder is almost dead.
The adder bites you.
You die...

##.#.###.....#.
##....#....####.
######.......##.# ..
###.........####...^
#. ##.........###
..####. #..#.....###
<### #. ..(........#
. .. ≈≈≈≈.≈≈S≈≈.# #.
.. ≈≈≈≈.≈≈@≈≈.# #.
≈≈5≈.≈S≈≈≈..# #.
≈≈≈≈.≈w≈≈≈....# #.
≈≈≈≈...r....#.. #.
......≈≈≈≈..### #.
≈≈≈≈≈.≈≈≈≈..#
≈≈≈≈≈.≈≈≈≈..#
≈≈≈≈≈.≈≈≈≈..#


You could see an adder (ally target), a dart slug (ally target), a ball python,
a friendly crimson imp (summoned) and a friendly quokka (summoned).

Vanquished Creatures
  An adder (D:2)
  A dart slug (D:1)
  2 bats
  2 endoplasms (D:1)
  A giant cockroach (D:1)
  A goblin (D:1)
  A ball python (D:1)
  A frilled lizard (D:2)
10 creatures vanquished.

Vanquished Creatures (collateral kills)
  An adder (D:2)
  2 dart slugs
  A goblin (D:1)
  2 hobgoblins
  A quokka (D:1)
  A ball python (D:1)
  A bat (D:1)
  A kobold (D:1)
10 creatures vanquished.

Vanquished Creatures (others)
  A demonic plant (D:1)
1 creature vanquished.

Grand Total: 21 creatures vanquished

Notes
Turn   | Place    | Note
-------+----------+-------------------------------------------
     0 | D:1      | Glokmah the Hill Orc Summoner began the quest for the Orb.
     0 | D:1      | Reached XP level 1. HP: 14/14 MP: 3/3
   227 | D:1      | Found a faded altar of an unknown god.
   272 | D:1      | Found Rixutta's Assorted Antiques.
   394 | D:1      | Reached XP level 2. HP: 21/22 MP: 0/4
   517 | D:1      | Reached skill level 1 in Fighting
   580 | D:1      | Learned a level 2 spell: Call Imp
  1083 | D:2      | Found Dukhlyihi's Weapon Boutique.
  1103 | D:2      | Found Jott's Jewellery Shop.
  1189 | D:2      | Reached XP level 3. HP: 18/28 MP: 0/5
  1460 | D:2      | HP: 1/28 [ball python (2)]
  1461 | D:2      | Slain by an adder

Illustrated notes

Levels and vault maps discovered:
D:1:      lightli_arrival_lavapool, layout_loops_ring,
          dreamdust_ecumenical_altar_sealed_demon, serial_shops, shop,
          dk_noncrumbling_3, minmay_misc_feat_diagonals
D:2:      layout_rooms, serial_shops, shop, shop_fountains,
          nicolae_shop_waterfront, minivault_14, minmay_box_of_dots

Skill      XL: |  1  2  3 |
---------------+----------+-----
Fighting       | 1 |  1.6
Spellcasting   | 2 |  2.0
Polearms       | |  0.4
Dodging        | |  1.5
Stealth        | |  1.5
Summonings     | |  4.6

Action                   || total
-------------------------++-------
Melee: Unarmed           ||    20
       Short sword       ||    40
       Spear             ||    14
 Cast: Summon Small Mamm ||    15
       Call Imp          ||     8
  Use: Potion            ||     1
 Stab: Sleeping          ||     1
Armor: Robe              ||    17
Dodge: Dodged            ||    68

Table legend: (Time is in decaauts)
 A = Elapsed time spent in this place.
 B = Non-inter-level travel time spent in this place.
 C = Inter-level travel time spent in this place.
 D = Time resting spent in this place.
 E = Time spent auto-exploring this place.
 F = Levels seen in this place.
 G = Mean time per level.
                   A        B        C        D        E       F      G
               +--------+--------+--------+--------+--------+-----+--------+
         Total |   1467 |   1457 |     10 |      0 |   1166 |   2 |  733.5 |
       Dungeon |   1467 |   1457 |     10 |      0 |   1166 |   2 |  733.5 |
               +--------+--------+--------+--------+--------+-----+--------+

Top non-repeatable levels by time:
     D:1: 1087 daAuts
     D:2: 380 daAuts
